 Dungeon Crawl Stone Soup version 0.28-a0-909-g796cbd3a86 (webtiles) character file.

Game seed: 8715439042261619986

29495 Ijustatesigmund the Blocker (level 13, -9/104 HPs)
             Began as a Gnoll Fighter on Nov 25, 2021.
             Was an Elder of Cheibriados.
             Killed from afar by Frances (22 damage)
             ... with an iron shot
             ... on level 12 of the Dungeon.
             The game lasted 00:34:38 (15846 turns).

Ijustatesigmund the Blocker (Gnoll Fighter)        Turns: 15846, Time: 00:34:38

Health: -9/104     AC: 19    Str: 25    XL:     13   Next: 45%
Magic:  0/25       EV: 16    Int: 21    God:    Cheibriados [****..]
Gold:   450        SH:  8    Dex: 24    Spells: 24/28 levels left

rFire   + . .      SeeInvis .   y - +10 trident "Peqeqof" {drain, rF+ rCorr}
rCold   + + .      Faith    .   c - +0 buckler
rNeg    . . .      Spirit   +   L - +0 ice dragon scales
rPois   +          Reflect  .   k - +1 helmet
rElec   +          Harm     .   d - +1 cloak
rCorr   +          Rampage  .   H - +0 pair of gloves
Will    .....                   (no boots)
Stlth   +++.......              q - amulet of guardian spirit
HPRegen 0.27/turn               g - ring "Oraev" {rElec rF+ rCorr}
MPRegen 0.19/turn               j - ring of poison resistance

@: mighty, very slow
A: fangs 1, strong nose, distributed training
a: Renounce Religion, Bend Time, Temporal Distortion, Slouch


You were on level 12 of the Dungeon.
You worshipped Cheibriados.
Cheibriados was greatly pleased with you.
You visited 2 branches of the dungeon, and saw 13 of its levels.
You also visited: Ice Cave.

You collected 870 gold pieces.
You spent 420 gold pieces at shops.

Inventory:

Hand Weapons
 a - a +0 broad axe
 r - a +2 hunting sling of freezing
 y - the +10 trident "Peqeqof" (weapon) {drain, rF+ rCorr}
   (You bought it in a shop on level 8 of the Dungeon)

   A truly terrible weapon, it drains the life of any living foe it strikes.
   rF:        It protects you from fire.
   rCorr:     It protects you from acid and corrosion.
 M - a +2 demon trident of freezing
Missiles
 t - 40 sling bullets
Armour
 b - a +0 chain mail
 c - a +0 buckler (worn)
 d - a +1 cloak (worn)
 k - a +1 helmet (worn)
 H - a +0 pair of gloves (worn)
 K - the +3 salamander hide armour {Flames rF++ rC--}
   (You found it on level 9 of the Dungeon)

   It surrounds you with a cloud of flames.
   It grants immunity to clouds of flame.
   It enhances your fire magic.
   rF:        It greatly protects you from fire.
   rC:        It makes you very vulnerable to cold.
 L - +0 ice dragon scales (worn)
Jewellery
 g - the ring "Oraev" (left hand) {rElec rF+ rCorr}
   (You acquired it on level 1 of the Dungeon)

   [ring of resist corrosion]

   rF:        It protects you from fire.
   rElec:     It insulates you from electricity.
   rCorr:     It protects you from acid and corrosion.
 i - a ring of wizardry
 j - a ring of poison resistance (right hand)
 l - a ring of flight
 q - an amulet of guardian spirit (around neck)
 v - a ring of protection from cold
 x - a ring of protection from fire
 z - a +6 ring of intelligence
 B - a ring of ice
 G - a +6 ring of intelligence
 P - a +6 ring of strength
Wands
 A - a wand of mindburst (3)
 C - a wand of polymorph (10)
 O - a wand of paralysis (1)
Scrolls
 w - a scroll of silence
 F - a scroll of immolation
 I - a scroll of amnesia
 Q - a scroll of enchant weapon
Potions
 f - 3 potions of curing
 m - 4 potions of flight
 n - 3 potions of brilliance
 E - a potion of mutation


   Skills:
 + Level 10.6 Fighting
 + Level 8.3 Short Blades
 + Level 8.3 Long Blades
 + Level 9.5 Axes
 + Level 8.3 Maces & Flails
 + Level 8.3 Polearms
 + Level 8.3 Staves
 + Level 8.3 Slings
 + Level 8.3 Bows
 + Level 8.3 Crossbows
 + Level 8.3 Throwing
 + Level 10.6 Armour
 + Level 8.3 Dodging
 + Level 8.3 Stealth
 + Level 10.6 Shields
 + Level 8.3 Unarmed Combat
 + Level 8.3 Spellcasting
 + Level 6.9 Conjurations
 + Level 6.9 Hexes
 + Level 6.9 Summonings
 + Level 6.9 Necromancy
 + Level 6.9 Translocations
 + Level 6.9 Transmutations
 + Level 6.9 Fire Magic
 + Level 6.9 Ice Magic
 + Level 6.9 Air Magic
 + Level 6.9 Earth Magic
 + Level 6.9 Poison Magic
 + Level 9.1 Invocations
 + Level 8.3 Evocations


You had 24 spell levels left.
You knew the following spells:

 Your Spells              Type           Power      Damage    Failure   Level
a - Wereblood             Tmut           37%        N/A       1%          2
b - Passwall              Tmut/Erth      30%        N/A       1%          2

Your spell library contained the following spells:

 Spells                   Type           Power      Damage    Failure   Level
 Beastly Appendage        Tmut           74%        N/A       1%          1
 Spider Form              Tmut/Pois      37%        N/A       3%          3
 Swiftness                Air            37%        N/A       3%          3


Dungeon Overview and Level Annotations

Branches:
Dungeon (12/15)            Temple (1/1) D:5             Orc (0/2) D:9
  IceCv (visited)
   Lair: D:8-11

Altars:
Ashenzari
Cheibriados
Dithmenos
Elyvilon
Fedhas
Gozag
Hepliaklqana
Kikubaaqudgha
Makhleb
Nemelex Xobeh
Okawaru
Qazlal
Ru
Sif Muna
Trog
Uskayaw
Vehumet
Wu Jian
Xom
Yredelemnul
Zin
The Shining One

Shops:
D:4 *   D:5 (   D:8 !*   D:11 (

Annotations:
D:9 3 runed translucent doors, skizzler's ghost, novice DrCj
D:12 Frances


Innate Abilities, Weirdness & Mutations

You have very sharp teeth.
Your uncanny sense of smell can sniff out nearby items.
Your experience applies equally to all skills.


Message History

You block the four-headed hydra's attack.
The four-headed hydra closely misses you. x2
Aiming: Paralyse
Press: ? - help, Shift-Dir - straight line, f/p - four-headed hydra
Aim: a four-headed hydra (moderately wounded, chance to affect: 34%)
The four-headed hydra easily resists.
The four-headed hydra bites you but does no damage.
You block the four-headed hydra's attack.
The four-headed hydra misses you. The four-headed hydra bites you.
* * * LOW HITPOINT WARNING * * *
Aiming: Paralyse
Press: ? - help, Shift-Dir - straight line, f/p - four-headed hydra
Aim: a four-headed hydra (moderately wounded, chance to affect: 34%)
The four-headed hydra easily resists.
The four-headed hydra bites you but does no damage.
The four-headed hydra barely misses you.
The four-headed hydra closely misses you.
The four-headed hydra barely misses you.
Aiming: Paralyse
Press: ? - help, Shift-Dir - straight line, f/p - four-headed hydra
Aim: a four-headed hydra (lightly wounded, chance to affect: 34%)
The four-headed hydra suddenly stops moving!
You open the door.
A vampire comes into view.
As you read the scroll of holy word, it crumbles to dust.
You speak a Word of immense power!
The vampire convulses!
Frances, Duchess of Pandemonium comes into view.
She is wielding a +0 dire flail.
Found a shortbow.
Found a stormy altar of Qazlal.
The vampire is lost in a daze. x2
There is an open door here.
You feel very mighty all of a sudden.
You swing at nothing.
Frances shouts!
You swing at nothing.
Frances mutters in a terrible tongue.
Frances seems to speed up.
The vampire is lost in a daze.
You swing at nothing.
Frances screams a word of power!
The iron shot hits you!!
You die...

#........#..........#
#....[..#..'........#
#............)......+
#.......####........#
+.......# #####D####
#.......# ##†# #..#
#.## #@# #...V.@..#
+........# #........+
..........#
.≈.........#
.§§§........#
≈§§§..).....#


You could see Frances (fast), a four-headed hydra (paralysed) and a vampire
(dazed).

Vanquished Creatures
  Jorgrun (D:12)
  A frost giant (IceCv)
  A boulder beetle (D:11)
  2 hydras (D:11)
  An ogre mage (D:11)
  A centaur warrior (D:11)
  8 death yaks (IceCv)
  2 two-headed ogres (D:11)
  2 deep elf pyromancers
  A cyclops (D:11)
  Joseph (D:7)
  An ice statue (IceCv)
  Maggie (D:9)
  7 rime drakes
  A komodo dragon (D:11)
  Psyche (D:9)
  4 polar bears (IceCv)
  A troll (D:9)
  A hornet (D:11)
  3 slime creatures (D:9)
  Grinder (D:6)
  Prince Ribbit (D:5)
  A meliai zombie (D:11)
  2 vampires
  5 shadows
  17 yaks
  3 wyverns
  A basilisk (D:10)
  2 steam dragons
  7 vampire mosquitoes
  Edmund (D:5)
  A warg (D:9)
  A water moccasin (D:9)
  3 orc warriors
  A sky beast (D:4)
  A black bear (D:4)
  An ice beast (D:5)
  An ogre (D:9)
  10 wolves (IceCv)
  5 centaurs (D:11)
  A kobold brigand (D:8)
  5 bullfrogs
  A wyvern zombie (D:5)
  A gnoll sergeant (D:7)
  A scorpion (D:4)
  9 killer bees
  A water moccasin skeleton (D:4)
  4 wights
  4 howler monkeys
  7 centaur zombies
  2 hounds
  2 bullfrog zombies
  A jelly (D:5)
  8 orc priests
  A bullfrog skeleton (D:7)
  4 iguanas
  A scorpion zombie (D:4)
  7 orc wizards
  A killer bee zombie (D:7)
  A hound skeleton (D:4)
  A howler monkey zombie (D:9)
  5 gnolls
  A howler monkey skeleton (D:7)
  3 adders
  A shadow imp (D:7)
  A white imp (D:4)
  An ufetubus (D:5)
  2 worms (D:2)
  The ghost of Froggeryz the Sneak, a weakling GrDe (D:4)
  2 dart slugs
  32 orcs
  10 ball pythons
  6 bats
  3 endoplasms
  3 giant cockroaches
  5 goblins
  7 hobgoblins
  7 jackals
  3 quokkas
  3 frilled lizards
  19 kobolds
  5 rats
289 creatures vanquished.

Vanquished Creatures (others)
  A fungus (D:10)
  13 plants (D:10)
14 creatures vanquished.

Grand Total: 303 creatures vanquished

Notes
Turn   | Place    | Note
-------+----------+-------------------------------------------
     0 | D:1      | Ijustatesigmund the Gnoll Fighter began the quest for the
                  | Orb.
     0 | D:1      | Reached XP level 1. HP: 23/23 MP: 1/1
    62 | D:1      | Reached XP level 2. HP: 24/29 MP: 2/2
   488 | D:1      | Reached XP level 3. HP: 35/35 MP: 3/3
   489 | D:1      | Identified a scroll of acquirement
   489 | D:1      | Acquired the ring "Oraev" {rElec rF+ rCorr}
   616 | D:2      | Reached skill level 1 in Invocations
  1087 | D:2      | Reached skill level 1 in Short Blades
  1087 | D:2      | Reached skill level 1 in Long Blades
  1087 | D:2      | Reached skill level 1 in Maces & Flails
  1087 | D:2      | Reached skill level 1 in Polearms
  1087 | D:2      | Reached skill level 1 in Staves
  1087 | D:2      | Reached skill level 1 in Slings
  1087 | D:2      | Reached skill level 1 in Bows
  1087 | D:2      | Reached skill level 1 in Crossbows
  1087 | D:2      | Reached skill level 1 in Throwing
  1087 | D:2      | Reached skill level 1 in Dodging
  1087 | D:2      | Reached skill level 1 in Stealth
  1087 | D:2      | Reached skill level 1 in Unarmed Combat
  1087 | D:2      | Reached skill level 1 in Spellcasting
  1087 | D:2      | Reached skill level 1 in Evocations
  1151 | D:2      | Found an ancient bone altar of Kikubaaqudgha.
  1227 | D:2      | Reached XP level 4. HP: 41/41 MP: 5/5
  1618 | D:3      | Found a faded altar of an unknown god.
  1618 | D:3      | Found a faded altar of an unknown god.
  1620 | D:3      | Found a hazy altar of Hepliaklqana.
  2186 | D:4      | Found Utunuel's General Store.
  2201 | D:4      | Reached skill level 1 in Conjurations
  2201 | D:4      | Reached skill level 1 in Hexes
  2201 | D:4      | Reached skill level 1 in Summonings
  2201 | D:4      | Reached skill level 1 in Necromancy
  2201 | D:4      | Reached skill level 1 in Translocations
  2201 | D:4      | Reached skill level 1 in Transmutations
  2201 | D:4      | Reached skill level 1 in Fire Magic
  2201 | D:4      | Reached skill level 1 in Ice Magic
  2201 | D:4      | Reached skill level 1 in Air Magic
  2201 | D:4      | Reached skill level 1 in Earth Magic
  2201 | D:4      | Reached skill level 1 in Poison Magic
  2257 | D:4      | Bought a scroll of teleportation for 42 gold pieces
  2459 | D:4      | Noticed a scorpion
  2468 | D:4      | Killed a scorpion
  2469 | D:4      | Reached XP level 5. HP: 28/47 MP: 5/7
  2780 | D:4      | Found a runed translucent gate.
  2780 | D:4      | Found a runed translucent gate.
  2800 | D:4      | Reached XP level 6. HP: 31/53 MP: 8/8
  2896 | D:4      | Noticed a sky beast
  2927 | D:4      | Identified the +1 ring mail of Geoz {rF+ rC+ Slay-4}
  2934 | D:4      | Noticed Froggeryz's ghost (weakling GrDe)
  3297 | D:4      | Found a runed translucent gate.
  3381 | D:4      | Reached skill level 5 in Axes
  3394 | D:4      | Noticed a black bear
  3406 | D:4      | Killed a black bear
  3666 | D:5      | Entered Level 5 of the Dungeon
  3675 | D:5      | Noticed an ice beast
  3684 | D:5      | Killed an ice beast
  3685 | D:5      | Reached XP level 7. HP: 32/60 MP: 10/10
  4488 | D:5      | Noticed Edmund
  4501 | D:5      | Killed Edmund
  4511 | D:5      | Found a staircase to the Ecumenical Temple.
  4681 | D:5      | Identified the +5 whip of Potut {flame, rC+ rCorr SInv}
  4694 | Temple   | Entered the Ecumenical Temple
  5039 | Temple   | Became a worshipper of Cheibriados the Contemplative
  5061 | D:5      | Noticed a steam dragon
  5064 | D:5      | Noticed Prince Ribbit
  5074 | D:5      | Killed a steam dragon
  5075 | D:5      | Reached XP level 8. HP: 53/67 MP: 12/12
  5078 | D:5      | Found Ryibrav's Weapon Emporium.
  5253 | D:5      | Killed Prince Ribbit
  5549 | D:6      | Noticed a vampire
  5569 | D:6      | Killed a vampire
  6103 | D:6      | Noticed Grinder
  6119 | D:6      | Paralysed by Grinder for 7 turns
  6128 | D:6      | Killed Grinder
  6432 | D:6      | Reached XP level 9. HP: 62/72 MP: 12/14
  6910 | D:6      | Reached * piety under Cheibriados
  7578 | D:7      | Noticed Joseph
  7589 | D:7      | Killed Joseph
  7592 | D:7      | Reached skill level 5 in Invocations
  7799 | D:7      | You fall into a shaft and drop 1 floor!
  7799 | D:8      | Found Lelefuit's Assorted Antiques.
  8069 | D:8      | Bought a faintly glowing trident for 280 gold pieces
  8069 | D:8      | Identified the +10 trident "Peqeqof" {drain, rF+ rCorr}
                  | (You bought it in a shop on level 8 of the Dungeon)
  8069 | D:8      | Bought a scroll labelled SAYWAE YRHASE for 33 gold pieces
  8597 | D:7      | Reached XP level 10. HP: 68/80 MP: 15/17
  8703 | D:8      | Reached ** piety under Cheibriados
  8811 | D:8      | Found Niases's Distillery.
  8818 | D:8      | Bought a potion of lignification for 36 gold pieces
  8851 | D:8      | Bought a blue potion for 29 gold pieces
  9057 | D:8      | Learned a level 2 spell: Wereblood
  9087 | D:8      | Reached skill level 5 in Short Blades
  9087 | D:8      | Reached skill level 5 in Long Blades
  9087 | D:8      | Reached skill level 5 in Maces & Flails
  9087 | D:8      | Reached skill level 5 in Polearms
  9087 | D:8      | Reached skill level 5 in Staves
  9087 | D:8      | Reached skill level 5 in Slings
  9087 | D:8      | Reached skill level 5 in Bows
  9087 | D:8      | Reached skill level 5 in Crossbows
  9087 | D:8      | Reached skill level 5 in Throwing
  9087 | D:8      | Reached skill level 5 in Dodging
  9087 | D:8      | Reached skill level 5 in Stealth
  9087 | D:8      | Reached skill level 5 in Unarmed Combat
  9087 | D:8      | Reached skill level 5 in Spellcasting
  9087 | D:8      | Reached skill level 5 in Evocations
  9547 | D:9      | Noticed a deep elf pyromancer
  9551 | D:9      | Killed a deep elf pyromancer
 10022 | D:9      | Noticed Maggie
 10022 | D:9      | Noticed Psyche
 10047 | D:9      | Reached *** piety under Cheibriados
 10051 | D:9      | Killed Psyche
 10150 | D:9      | Found a staircase to the Orcish Mines.
 10263 | D:9      | Reached XP level 11. HP: 73/87 MP: 15/19
 10578 | D:9      | Killed Maggie
 10579 | D:9      | Reached skill level 5 in Conjurations
 10579 | D:9      | Reached skill level 5 in Hexes
 10579 | D:9      | Reached skill level 5 in Summonings
 10579 | D:9      | Reached skill level 5 in Necromancy
 10579 | D:9      | Reached skill level 5 in Translocations
 10579 | D:9      | Reached skill level 5 in Transmutations
 10579 | D:9      | Reached skill level 5 in Fire Magic
 10579 | D:9      | Reached skill level 5 in Ice Magic
 10579 | D:9      | Reached skill level 5 in Air Magic
 10579 | D:9      | Reached skill level 5 in Earth Magic
 10579 | D:9      | Reached skill level 5 in Poison Magic
 10631 | D:9      | Found a runed translucent gate.
 10631 | D:9      | Noticed skizzler's ghost (novice DrCj)
 10632 | D:9      | Found a runed translucent gate.
 10634 | D:9      | Found a runed translucent gate.
 10655 | D:9      | Identified the +2 hunting sling "Beameysy" {venom, rN++
                  | Dex-3}
 10665 | D:9      | Reached **** piety under Cheibriados
 10768 | D:9      | Found the +3 salamander hide armour {Flames rF++ rC--}
 11120 | D:4      | Killed Froggeryz's ghost
 11360 | D:10     | Entered Level 10 of the Dungeon
 11471 | D:10     | Noticed a sixfirhy
 11835 | D:11     | Found a frozen archway.
 11846 | IceCv    | Entered an ice cave
 12119 | IceCv    | Learned a level 2 spell: Passwall
 12138 | IceCv    | Noticed a death yak
 12138 | IceCv    | Noticed a death yak
 12153 | IceCv    | Killed a death yak
 12160 | IceCv    | Killed a death yak
 12160 | IceCv    | Reached ***** piety under Cheibriados
 12797 | IceCv    | Reached XP level 12. HP: 82/96 MP: 18/22
 12980 | IceCv    | Noticed a death yak
 12987 | IceCv    | Noticed a death yak
 12990 | IceCv    | Noticed a death yak
 12993 | IceCv    | Killed a death yak
 13003 | IceCv    | Killed a death yak
 13012 | IceCv    | Killed a death yak
 13142 | IceCv    | Noticed a death yak
 13142 | IceCv    | Noticed a frost giant
 13470 | IceCv    | Killed a frost giant
 13695 | IceCv    | Noticed a death yak
 13699 | IceCv    | Noticed a death yak
 13719 | IceCv    | Killed a death yak
 13725 | IceCv    | Killed a death yak
 13726 | IceCv    | Reached skill level 10 in Fighting
 13726 | IceCv    | Reached skill level 10 in Armour
 13726 | IceCv    | Reached skill level 10 in Shields
 13991 | IceCv    | Killed a death yak
 14502 | D:11     | Noticed a boulder beetle
 14519 | D:11     | Killed a boulder beetle
 14560 | D:11     | Noticed a centaur warrior
 14571 | D:11     | Killed a centaur warrior
 14700 | D:11     | Reached XP level 13. HP: 103/103 MP: 24/24
 14761 | D:11     | Found Nekiff's Weapon Shop.
 15720 | D:12     | Noticed Jorgrun
 15774 | D:12     | Killed Jorgrun
 15842 | D:12     | Found a stormy altar of Qazlal.
 15842 | D:12     | Noticed Frances
 15846 | D:12     | Killed from afar by Frances

Illustrated notes

Levels and vault maps discovered:
D:1:      dpeg_arrival_three_same_balls, layout_rooms
D:2:      layout_loops_ring, basic_altar, nicolae_elevator_lobby_asterisk
D:3:      layout_loops_ring, nicolae_hepliaklqana_ecumenical_no_more
D:4:      layout_basic, serial_shops, nicolae_shop_advertising_works
          [nicolae_subvault_shop_adworks], gammafunk_ghost_split
D:5:      layout_loops_ring, minmay_temple_entry_glassed_door, serial_shops,
          shop, uniq_prince_ribbit1, uniq_edmund
D:6:      layout_basic, uniq_grinder
D:7:      layout_gridville, minivault_10, uniq_joseph
D:8:      layout_basic, serial_shops, nicolae_stop_n_shop_2,
          nicolae_stop_n_shop_2, minmay_hedge_maze
D:9:      layout_basic, erik_orc_3, gammafunk_ghost_split, uniq_psyche,
          uniq_maggie
D:10:     layout_basic, minmay_lair_entry_grove, item_on_display_b
D:11:     nicolae_hexawheel, layout_cave_pods, serial_shops,
          nicolae_diamond_shop, portal_ice_cave_rime
D:12:     layout_roguey, nicolae_qazlal_scattered_showers, uniq_jorgrun,
          uniq_frances
Temple:   roderic_octagonal_lattice_temple

Skill      XL: |  1  2  3  4  5  6  7  8  9 10 11 12 13 |
---------------+----------------------------------------+-----
Invocations    | 1 2 3 4 5 6 7 8 9 |  9.1
Short Blades   | 1 2 3 4 5 6 7 8 |  8.3
Long Blades    | 1 2 3 4 5 6 7 8 |  8.3
Maces & Flails | 1 2 3 4 5 6 7 8 |  8.3
Polearms       | 1 2 3 4 5 6 7 8 |  8.3
Staves         | 1 2 3 4 5 6 7 8 |  8.3
Slings         | 1 2 3 4 5 6 7 8 |  8.3
Bows           | 1 2 3 4 5 6 7 8 |  8.3
Crossbows      | 1 2 3 4 5 6 7 8 |  8.3
Throwing       | 1 2 3 4 5 6 7 8 |  8.3
Dodging        | 1 2 3 4 5 6 7 8 |  8.3
Stealth        | 1 2 3 4 5 6 7 8 |  8.3
Unarmed Combat | 1 2 3 4 5 6 7 8 |  8.3
Spellcasting   | 1 2 3 4 5 6 7 8 |  8.3
Evocations     | 1 2 3 4 5 6 7 8 |  8.3
Conjurations   | 1 2 3 4 5 6 |  6.9
Hexes          | 1 2 3 4 5 6 |  6.9
Summonings     | 1 2 3 4 5 6 |  6.9
Necromancy     | 1 2 3 4 5 6 |  6.9
Translocations | 1 2 3 4 5 6 |  6.9
Transmutations | 1 2 3 4 5 6 |  6.9
Fire Magic     | 1 2 3 4 5 6 |  6.9
Ice Magic      | 1 2 3 4 5 6 |  6.9
Air Magic      | 1 2 3 4 5 6 |  6.9
Earth Magic    | 1 2 3 4 5 6 |  6.9
Poison Magic   | 1 2 3 4 5 6 |  6.9
Axes           | 5 6 7 8 9 |  9.5
Fighting       | 7 8 9 10 | 10.6
Armour         | 7 8 9 10 | 10.6
Shields        | 7 8 9 10 | 10.6

Action                   |  1- 3 |  4- 6 |  7- 9 | 10-12 | 13-15 || total
-------------------------+-------+-------+-------+-------+-------++-------
Melee: War axe           |   102 |   174 |    59 |       |       ||   335
       Bite              |     7 |    21 |    41 |   100 |    17 ||   186
       Whip              |       |       |   231 |       |       ||   231
       Trident           |       |       |    29 |   515 |    99 ||   643
 Cast: Wereblood         |       |       |       |     1 |       ||     1
Invok: Bend Time         |       |       |       |     3 |       ||     3
       Slouch            |       |       |       |     2 |     1 ||     3
       Step From Time    |       |       |       |       |     1 ||     1
Evoke: Wand              |       |       |     5 |     9 |     5 ||    19
  Use: Scroll            |     2 |     5 |     8 |    12 |     4 ||    31
       Potion            |       |       |     2 |     1 |    10 ||    13
 Stab: Distracted        |       |       |       |     2 |     1 ||     3
       Sleeping          |       |       |       |     1 |     8 ||     9
       Invisible         |       |       |       |       |     1 ||     1
Armor: Scale mail        |    27 |       |       |       |       ||    27
       Plate armour      |    30 |   148 |   227 |    43 |       ||   448
       Chain mail        |       |       |       |   172 |       ||   172
       Ice dragon scales |       |       |       |    25 |    58 ||    83
       Skin              |       |       |       |       |    21 ||    21
Dodge: Dodged            |    36 |    40 |   116 |   239 |    90 ||   521
Block: Buckler           |    25 |    38 |   124 |   174 |    63 ||   424

Table legend: (Time is in decaauts)
 A = Elapsed time spent in this place.
 B = Non-inter-level travel time spent in this place.
 C = Inter-level travel time spent in this place.
 D = Time resting spent in this place.
 E = Time spent auto-exploring this place.
 F = Levels seen in this place.
 G = Mean time per level.
                   A        B        C        D        E       F      G
               +--------+--------+--------+--------+--------+-----+--------+
         Total |  18576 |  17719 |    857 |   4734 |   9996 |  14 | 1326.9 |
       Dungeon |  15350 |  14549 |    801 |   3124 |   9086 |  12 | 1279.2 |
        Temple |    365 |    310 |     55 |      0 |    288 |   1 |  365.0 |
      Ice Cave |   2860 |   2860 |      0 |   1609 |    622 |   1 | 2860.0 |
               +--------+--------+--------+--------+--------+-----+--------+

Top non-repeatable levels by time:
   IceCv: 2860 daAuts
    D:11: 2322 daAuts
     D:9: 2273 daAuts
     D:6: 2015 daAuts
     D:7: 1719 daAuts
     D:4: 1631 daAuts
     D:5: 1539 daAuts
     D:8: 1205 daAuts
     D:2: 878 daAuts
     D:3: 708 daAuts
     D:1: 610 daAuts
  Temple: 365 daAuts
    D:12: 308 daAuts
    D:10: 136 daAuts
